 Dungeon Crawl Stone Soup version 0.29.1-12-g30fa7ad0bf (webtiles) character file.

Game seed: 3170791541450223958

708 xzight the Shield-Bearer (level 7, 0/60 HPs)
             Began as a Gnoll Fighter on Dec 29, 2022.
             Was a Believer of Cheibriados.
             Slain by an ogre
             ... wielding a +0 giant club
              (19 damage)
             ... on level 5 of the Dungeon.
             The game lasted 00:06:20 (4771 turns).

xzight the Shield-Bearer (Gnoll Fighter)            Turns: 4771, Time: 00:06:20

Health: 0/60       AC:  9    Str: 27    XL:     7   Next: 67%
Magic:  11/11      EV: 11    Int: 14    God:    Cheibriados [**....]
Gold:   211        SH:  6    Dex: 16    Spells: 11/11 levels left

rFire   . . .      SeeInvis .   a - +0 trident
rCold   + . .      Faith    .   c - +0 buckler
rNeg    . . .      Spirit   .   b - +0 scale mail
rPois   .          Reflect  .   m - +0 helmet
rElec   .          Harm     .   (no cloak)
rCorr   .          Rampage  .   (no gloves)
Will    .....                   (no boots)
Stlth   +.........              (no amulet)
HPRegen 0.20/turn               C - ring of protection from cold
MPRegen 0.12/turn               S - +6 ring of strength

@: very slow
A: fangs 1, strong nose, distributed training
a: Renounce Religion, Bend Time


You were on level 5 of the Dungeon.
You worshipped Cheibriados.
Cheibriados was pleased with you.
You visited 2 branches of the dungeon, and saw 6 of its levels.
You also visited: Ossuary.

You collected 211 gold pieces.


Innate Abilities, Weirdness & Mutations

You have very sharp teeth.
Your uncanny sense of smell can sniff out nearby items.
Your experience applies equally to all skills.


   Skills:
 + Level 7.1 Fighting
 + Level 2.7 Short Blades
 + Level 2.7 Long Blades
 + Level 2.7 Axes
 + Level 2.7 Maces & Flails
 + Level 5.4 Polearms
 + Level 2.7 Staves
 + Level 2.7 Ranged Weapons
 + Level 2.7 Throwing
 + Level 7.1 Armour
 + Level 2.7 Dodging
 + Level 2.7 Stealth
 + Level 7.1 Shields
 + Level 2.7 Unarmed Combat
 + Level 2.7 Spellcasting
 + Level 2.2 Conjurations
 + Level 2.2 Hexes
 + Level 2.2 Summonings
 + Level 2.2 Necromancy
 + Level 2.2 Translocations
 + Level 2.2 Transmutations
 + Level 2.2 Fire Magic
 + Level 2.2 Ice Magic
 + Level 2.2 Air Magic
 + Level 2.2 Earth Magic
 + Level 2.2 Poison Magic
 + Level 3.0 Invocations
 + Level 2.7 Evocations


You had 11 spell levels left.
You didn't know any spells.
Your spell library contained the following spells:

 Spells                   Type           Power      Damage    Failure   Level
 Summon Small Mammal      Summ           32%        N/A       22%         1
 Call Canine Familiar     Summ           8%         N/A       56%         3
 Portal Projectile        Hex/Tloc       16%        N/A       56%         3
 Summon Guardian Golem    Hex/Summ       8%         N/A       56%         3
 Airstrike                Air            4%         2d(1-17)  92%         4
 Leda's Liquefaction      Hex/Erth       4%         N/A       92%         4
 Summon Lightning Spire   Summ/Air       8%         N/A       92%         4
 Lightning Bolt           Conj/Air       4%         1d15      99%         5

Inventory:

Hand Weapons
 a - a +0 trident (weapon)
Missiles
 p - 6 boomerangs (quivered)
Armour
 b - a +0 scale mail (worn)
 c - a +0 buckler (worn)
 m - a +0 helmet (worn)
Jewellery
 C - a ring of protection from cold (left hand)
 R - a ring of resist corrosion
 S - a +6 ring of strength (right hand)
Scrolls
 e - 2 scrolls of identify {@r1}
 f - 2 scrolls of acquirement {unknown}
 h - 2 scrolls of amnesia
 j - a scroll of silence {unknown}
 k - a scroll of fear {unknown}
 l - a scroll of teleportation {unknown}
 o - a scroll of enchant armour {unknown}
 t - a scroll of vulnerability {unknown}
 w - a scroll of brand weapon {unknown}
 x - a scroll of blinking {unknown}
 y - a scroll of butterflies
 z - a scroll of noise {unknown}
 A - a scroll of summoning {unknown}
Potions
 d - 2 potions of might
 g - 2 potions of curing {@q1}
 i - a potion of flight {unknown}
 n - 2 potions of mutation
 q - a potion of brilliance {unknown}
 r - a potion of lignification {unknown}
 s - a potion of haste {unknown}
 u - a potion of cancellation {unknown}
 v - a potion of attraction {unknown}

Dungeon Overview and Level Annotations

Branches:
Dungeon (5/15)             Temple (1/1) D:4         Ossuary (visited)

Altars:
Cheibriados
Elyvilon
Fedhas
Gozag
Kikubaaqudgha
Nemelex Xobeh
Okawaru
Qazlal
Ru
Trog
Vehumet
Xom
Yredelemnul

Shops:
D:4

( #>....#.....
##...........
#........#
#.....###....
..#.....# >
#.......## ...
#......c5# #.#
....####O### #.#
...# #@).#### #.#
..# ###....# #.# ..
#....# #.# #....#
#.# ####.## ##.#
######..## #..#
.....>....###.##
########.......####
##.........#


You could see an ogre, a centaur and a white imp.


Message History

You hit the orc but do no damage. The orc barely misses you.
You hit the orc but do no damage. The orc closely misses you.
You barely miss the orc. You block the orc's attack.
You hit the orc but do no damage. You block the orc's attack.
You hit the orc.
The orc is moderately wounded.
The orc hits you with a +0 flail.
* * * LOW HITPOINT WARNING * * *
You barely miss the orc.
The orc is moderately wounded.
You block the orc's attack. The orc hits you but does no damage.
You hit the orc but do no damage.
The orc is moderately wounded.
The orc closely misses you.
You hit the orc but do no damage.
The orc is moderately wounded.
You block the orc's attack.
You hit the orc.
You kill the orc!
Cheibriados thoroughly appreciates the change of pace.
You hit the ogre. You bite the ogre.
The ogre is moderately wounded.
The ogre hits you with a +0 giant club!
* * * LOW HITPOINT WARNING * * *
You puncture the ogre! You bite the ogre, but do no damage.
The ogre is heavily wounded.
You hit the ogre but do no damage.
The ogre is heavily wounded.
The ogre hits you with a +0 giant club!!
You die...

Skill      XL: |  1  2  3  4  5  6  7 |
---------------+----------------------+-----
Short Blades   | 1 2 |  2.7
Long Blades    | 1 2 |  2.7
Axes           | 1 2 |  2.7
Maces & Flails | 1 2 |  2.7
Staves         | 1 2 |  2.7
Ranged Weapons | 1 2 |  2.7
Throwing       | 1 2 |  2.7
Dodging        | 1 2 |  2.7
Stealth        | 1 2 |  2.7
Unarmed Combat | 1 2 |  2.7
Spellcasting   | 1 2 |  2.7
Invocations    | 1 2 3 |  3.0
Evocations     | 1 2 |  2.7
Conjurations   | 1 2 |  2.2
Hexes          | 1 2 |  2.2
Summonings     | 1 2 |  2.2
Necromancy     | 1 2 |  2.2
Translocations | 1 2 |  2.2
Transmutations | 1 2 |  2.2
Fire Magic     | 1 2 |  2.2
Ice Magic      | 1 2 |  2.2
Air Magic      | 1 2 |  2.2
Earth Magic    | 1 2 |  2.2
Poison Magic   | 1 2 |  2.2
Polearms       | 5 |  5.4
Fighting       | 7 |  7.1
Armour         | 7 |  7.1
Shields        | 7 |  7.1

Action                   |  1- 3 |  4- 6 |  7- 9 || total
-------------------------+-------+-------+-------++-------
Melee: Trident           |    61 |   185 |   192 ||   438
       Bite              |     6 |    11 |    25 ||    42
  Use: Scroll            |       |       |     3 ||     3
       Potion            |       |       |     2 ||     2
Armor: Scale mail        |    17 |    77 |    90 ||   184
Dodge: Dodged            |    20 |    71 |   115 ||   206
Block: Buckler           |     5 |    52 |    50 ||   107

Levels and vault maps discovered:
D:1:      scummos_arrival_simple_fountains, layout_loops_cross,
          solitary_fountain
D:2:      layout_basic, shapermc_ecumenical_altar_pompeii
D:3:      layout_loops_corners, okawaru_metal_pillars_3, uniq_natasha
D:4:      layout_gridville, minmay_temple_entry_statues_pillars, serial_shops,
          shop_fountains, enter_ossuary_1
D:5:      layout_rooms, riverfiend_overflow_shadow_ancestor,
          general_overflow_altar, serial_shops, kennysheep_mini
Temple:   minmay_freezing_vapour_temple

Notes
Turn   | Place    | Note
-------+----------+-------------------------------------------
     0 | D:1      | xzight the Gnoll Fighter began the quest for the Orb.
     0 | D:1      | Reached XP level 1. HP: 23/23 MP: 1/1
   113 | D:1      | Reached XP level 2. HP: 29/29 MP: 2/2
   731 | D:2      | You fall into a shaft and drop 1 floor!
   731 | D:3      | Found an iron altar of Okawaru.
   827 | D:3      | Reached XP level 3. HP: 35/35 MP: 3/3
   963 | D:3      | Noticed Natasha
   976 | D:3      | Killed Natasha
   977 | D:3      | Reached skill level 1 in Short Blades
   977 | D:3      | Reached skill level 1 in Long Blades
   977 | D:3      | Reached skill level 1 in Axes
   977 | D:3      | Reached skill level 1 in Maces & Flails
   977 | D:3      | Reached skill level 1 in Staves
   977 | D:3      | Reached skill level 1 in Ranged Weapons
   977 | D:3      | Reached skill level 1 in Throwing
   977 | D:3      | Reached skill level 1 in Dodging
   977 | D:3      | Reached skill level 1 in Stealth
   977 | D:3      | Reached skill level 1 in Unarmed Combat
   977 | D:3      | Reached skill level 1 in Spellcasting
   977 | D:3      | Reached skill level 1 in Invocations
   977 | D:3      | Reached skill level 1 in Evocations
  1191 | D:3      | Reached XP level 4. HP: 41/41 MP: 5/5
  1568 | D:3      | Reached skill level 1 in Conjurations
  1568 | D:3      | Reached skill level 1 in Hexes
  1568 | D:3      | Reached skill level 1 in Summonings
  1568 | D:3      | Reached skill level 1 in Necromancy
  1568 | D:3      | Reached skill level 1 in Translocations
  1568 | D:3      | Reached skill level 1 in Transmutations
  1568 | D:3      | Reached skill level 1 in Fire Magic
  1568 | D:3      | Reached skill level 1 in Ice Magic
  1568 | D:3      | Reached skill level 1 in Air Magic
  1568 | D:3      | Reached skill level 1 in Earth Magic
  1568 | D:3      | Reached skill level 1 in Poison Magic
  1618 | D:3      | Noticed Natasha
  1626 | D:3      | Killed Natasha
  1627 | D:3      | Reached XP level 5. HP: 33/47 MP: 5/7
  2103 | D:2      | Found a faded altar of an unknown god.
  2772 | D:4      | Found a staircase to the Ecumenical Temple.
  2841 | Temple   | Entered the Ecumenical Temple
  2846 | Temple   | Became a worshipper of Cheibriados the Contemplative
  2910 | D:4      | Found Lieduemy's Weapon Emporium.
  2912 | D:4      | Found a sand-covered staircase.
  3093 | D:4      | Noticed a black bear
  3106 | D:4      | Killed a black bear
  3107 | D:4      | Reached skill level 2 in Short Blades
  3107 | D:4      | Reached skill level 2 in Long Blades
  3107 | D:4      | Reached skill level 2 in Axes
  3107 | D:4      | Reached skill level 2 in Maces & Flails
  3107 | D:4      | Reached skill level 5 in Polearms
  3107 | D:4      | Reached skill level 2 in Staves
  3107 | D:4      | Reached skill level 2 in Ranged Weapons
  3107 | D:4      | Reached skill level 2 in Throwing
  3107 | D:4      | Reached skill level 2 in Dodging
  3107 | D:4      | Reached skill level 2 in Stealth
  3107 | D:4      | Reached skill level 2 in Unarmed Combat
  3107 | D:4      | Reached skill level 2 in Spellcasting
  3107 | D:4      | Reached skill level 2 in Invocations
  3107 | D:4      | Reached skill level 2 in Evocations
  3107 | D:4      | Reached XP level 6. HP: 38/53 MP: 7/9
  3249 | Ossuary  | Entered an ossuary
  3509 | Ossuary  | Reached * piety under Cheibriados
  3546 | Ossuary  | Reached skill level 7 in Fighting
  3546 | Ossuary  | Reached skill level 7 in Armour
  3546 | Ossuary  | Reached skill level 7 in Shields
  3546 | Ossuary  | Reached XP level 7. HP: 54/60 MP: 10/10
  3762 | Ossuary  | Reached skill level 2 in Conjurations
  3762 | Ossuary  | Reached skill level 2 in Hexes
  3762 | Ossuary  | Reached skill level 2 in Summonings
  3762 | Ossuary  | Reached skill level 2 in Necromancy
  3762 | Ossuary  | Reached skill level 2 in Translocations
  3762 | Ossuary  | Reached skill level 2 in Transmutations
  3762 | Ossuary  | Reached skill level 2 in Fire Magic
  3762 | Ossuary  | Reached skill level 2 in Ice Magic
  3762 | Ossuary  | Reached skill level 2 in Air Magic
  3762 | Ossuary  | Reached skill level 2 in Earth Magic
  3762 | Ossuary  | Reached skill level 2 in Poison Magic
  3934 | D:4      | Reached ** piety under Cheibriados
  4156 | D:4      | HP: 5/60 [something/puff of flame (8)]
  4568 | D:5      | Entered Level 5 of the Dungeon
  4655 | D:5      | Found an opulent altar of Gozag.
  4744 | D:5      | Reached skill level 3 in Invocations
  4771 | D:5      | Slain by an ogre

Vanquished Creatures
  A black bear (D:4)
  2 elf zombies (Ossuary)
  A centaur zombie (Ossuary)
  2 orc priests
  2 hounds
  2 iguanas
  Natasha (twice) (D:3)
  An orc wizard (D:4)
  A hound zombie (Ossuary)
  3 mummies (Ossuary)
  3 adders
  A white imp (D:5)
  An ufetubus (D:4)
  3 adder zombies (Ossuary)
  A worm (D:2)
  3 dart slugs
  6 orcs
  7 ball pythons
  6 endoplasms
  5 giant cockroaches
  A gnoll zombie (Ossuary)
  5 goblins
  6 hobgoblins
  3 jackals (D:4)
  6 quokkas
  6 bats
  4 frilled lizards
  4 goblin zombies (Ossuary)
  7 hobgoblin zombies (Ossuary)
  4 jackal zombies (Ossuary)
  3 kobolds
  3 kobold zombies (Ossuary)
  2 orc zombies (Ossuary)
  3 quokka zombies (Ossuary)
  3 rats
  4 rat zombies (Ossuary)
117 creatures vanquished.

Table legend: (Time is in decaauts)
 A = Elapsed time spent in this place.
 B = Non-inter-level travel time spent in this place.
 C = Inter-level travel time spent in this place.
 D = Time resting spent in this place.
 E = Time spent auto-exploring this place.
 F = Levels seen in this place.
 G = Mean time per level.
                   A        B        C        D        E       F      G
               +--------+--------+--------+--------+--------+-----+--------+
         Total |   5114 |   4906 |    208 |    293 |   3736 |   7 |  730.6 |
       Dungeon |   4354 |   4152 |    202 |    293 |   3228 |   5 |  870.8 |
        Temple |     11 |      5 |      6 |      0 |      0 |   1 |   11.0 |
       Ossuary |    747 |    747 |      0 |      0 |    508 |   1 |  747.0 |
               +--------+--------+--------+--------+--------+-----+--------+

Top non-repeatable levels by time:
     D:4: 1316 daAuts
     D:3: 1261 daAuts
     D:2: 817 daAuts
 Ossuary: 747 daAuts
     D:1: 704 daAuts
     D:5: 255 daAuts
  Temple: 11 daAuts

Table legend:
 A = Non-vault XP
 B = Vault XP
 C = Vault XP percentage of total XP
 D = Non-vault monster count
 E = Vault monster count
 F = Vault count percentage of total count
                 A         B        C        D         E       F
            +---------+---------+-------+---------+---------+-------
      Total |     618 |     394 |  38.9 |      78 |      39 |  33.3
            +---------+---------+-------+---------+---------+-------
        D:1 |      29 |       0 |   0.0 |      18 |       0 |   0.0
        D:2 |      27 |       0 |   0.0 |      15 |       0 |   0.0
        D:3 |     114 |      35 |  23.5 |      13 |       1 |   7.1
        D:4 |     329 |       0 |   0.0 |      25 |       0 |   0.0
        D:5 |     119 |       0 |   0.0 |       7 |       0 |   0.0
    Ossuary |       0 |     359 | 100.0 |       0 |      38 | 100.0
            +---------+---------+-------+---------+---------+-------
